 Seeded DCSS version 0.24.0-41-g2ae2f7f1be (console) character file.

Game seed: 93891015573, levelgen mode: deterministic

7763 Kagalorn the Cleaver (level 11, -7/81 HPs)
             Began as a Human Hunter on Dec 11, 2019.
             Was a High Priest of Okawaru.
             Mangled by a sixfirhy (11 damage)
             ... summoned by a kobold demonologist
             ... on level 10 of the Dungeon.
             The game lasted 00:39:12 (12963 turns).

Kagalorn the Cleaver (Human Hunter)                Turns: 12963, Time: 00:39:14

Health: -7/81      AC: 14    Str: 16    XL:     11   Next: 43%
Magic:  15/15      EV: 13    Int: 12    God:    Okawaru [*****.]
Gold:   321        SH:  0    Dex: 13    Spells: 10/10 levels left

rFire    + . .     SeeInvis +   a - +0 war axe
rCold    . . .     Gourm    .   (no shield)
rNeg     . . .     Faith    .   G - +0 chain mail
rPois    .         Spirit   .   p - +0 helmet
rElec    .         Reflect  .   J - +2 cloak
rCorr    .         Harm     .   (no gloves)
MR       .....                  (no boots)
Stlth    ..........             t - amulet of rage
HPRegen  0.23/turn              s - +6 ring of evasion
MPRegen  0.14/turn              E - ring of Wielij {rF+ SInv}

@: no status effects
A: no striking features
a: Heroism, Finesse, Renounce Religion, Evoke Berserk Rage


You were on level 10 of the Dungeon.
You worshipped Okawaru.
Okawaru was extremely pleased with you.
You were very hungry.

You visited 2 branches of the dungeon, and saw 11 of its levels.

You collected 559 gold pieces.
You spent 238 gold pieces at shops.

Inventory:

Hand Weapons
 a - a +0 war axe (weapon)
 b - a +0 hunting sling
 x - a +2 flail of crushing
 H - a +2 whip of freezing
Missiles
 c - 6 javelins
 d - 5 throwing nets
 h - 295 stones
 i - 76 sling bullets
 m - 27 poisoned darts (quivered)
Armour
 p - a +0 helmet (worn)
 G - a +0 chain mail (worn)
 J - a +2 cloak (worn)
Jewellery
 s - a +6 ring of evasion (left hand)
 t - an amulet of rage (around neck)
 z - an uncursed ring of ice
 E - the ring of Wielij (right hand) {rF+ SInv}
   (You found it on level 5 of the Dungeon)

   [ring of protection from fire]

   It protects you from fire.
   It lets you see invisible.
 N - an uncursed ring of protection from cold
 S - an uncursed ring of protection from magic
 T - an uncursed amulet of the acrobat
Wands
 y - a wand of paralysis (8)
 F - a wand of acid (9)
 O - a wand of digging (4)
 U - a wand of flame (15)
Scrolls
 e - 2 scrolls of enchant armour {unknown}
 k - 6 scrolls of remove curse
 n - 3 scrolls of enchant weapon
 o - 2 scrolls of magic mapping
 q - a scroll of fear
 u - 4 scrolls of amnesia
 w - 7 scrolls of teleportation
 Q - a scroll of fog
Potions
 g - 3 potions of haste
 j - a potion of heal wounds {unknown}
 l - 4 potions of flight
 r - a potion of ambrosia
 A - 3 potions of agility
 B - a potion of mutation
 C - 4 potions of curing
 D - a potion of magic
 I - 2 potions of might
 K - 2 potions of lignification
 L - 4 potions of brilliance
 M - a potion of invisibility
 V - a potion of cancellation
Comestibles
 f - 5 rations


   Skills:
 - Level 6.0 Fighting
 * Level 13.5 Axes
 - Level 4.0 Throwing
 - Level 5.1 Armour
 - Level 2.0 Dodging
 - Level 1.0 Stealth
 * Level 5.8 Invocations


You had 10 spell levels left.
You didn't know any spells.
Your spell library contained the following spells:

 Spells                   Type           Power        Failure   Level  Hunger
 Beastly Appendage        Tmut           #.....       99%         1    ##.....
 Summon Small Mammal      Summ           #...         99%         1    ##.....
 Call Imp                 Summ           #.......     100%        2    ###....
 Sticks to Snakes         Tmut           #.......     100%        2    ###....
 Sublimation of Blood     Necr           #.........   100%        2    ###....
 Call Canine Familiar     Summ           #.......     100%        3    ####...
 Ignite Poison            Fire/Tmut/Pois #.......     100%        3    ####...
 Spider Form              Tmut/Pois      #.........   100%        3    ####...
 Summon Guardian Golem    Hex/Summ       #.......     100%        3    ####...
 Ice Form                 Ice/Tmut       #.......     100%        4    #####..
 Petrify                  Tmut/Erth      #.......     100%        4    #####..
 Summon Ice Beast         Ice/Summ       #.......     100%        4    #####..
 Summon Lightning Spire   Summ/Air       #.......     100%        4    #####..
 Alistair's Intoxication  Tmut/Pois      #.......     100%        5    ######.
 Blade Hands              Tmut           #.........   100%        5    ######.
 Irradiate                Conj/Tmut      #.........   100%        5    ######.


Dungeon Overview and Level Annotations

Branches:
Dungeon (10/15)            Temple (1/1) D:5             Orc (0/2) D:10
   Lair: D:8-11

Altars:
Ashenzari
Cheibriados
Dithmenos
Elyvilon
Fedhas
Gozag
Hepliaklqana
Kikubaaqudgha
Makhleb
Nemelex Xobeh
Okawaru
Qazlal
Ru
Sif Muna
Trog
Uskayaw
Vehumet
Wu Jian
Xom
Yredelemnul
Zin
The Shining One
Lugonu

Shops:
D:6 !   D:7 [


Message History

The kobold demonologist barely misses you.
You slash the kobold demonologist!
The kobold demonologist is severely wounded.
You hit the sixfirhy but do no damage. The sixfirhy hits you!
The sixfirhy shocks you! The sixfirhy misses you.
The sixfirhy hits you but does no damage.
Your chain mail prevents you from hitting the kobold demonologist.
The kobold demonologist is severely wounded.
You barely miss the sixfirhy. The sixfirhy hits you! The sixfirhy shocks you!
The sixfirhy hits you! The sixfirhy shocks you!
* * * LOW HITPOINT WARNING * * *
The sixfirhy hits you.
* * * LOW HITPOINT WARNING * * *
The sixfirhy shocks you!
* * * LOW HITPOINT WARNING * * *
The kobold demonologist begins to cast a cantrip, but forgets the words!
The sixfirhy hits you.
* * * LOW HITPOINT WARNING * * *
The sixfirhy shocks you!
You die...

..[)....#.#.#....#
..#.#####.#.###..# ###))#
#.#......#.# ##)#
#.#.####.#K#
####.####.#....#.#.#
...)....#.#.##.#<#.#
........#)#.##.#<#.#
........#.#......#.#
........#.#.####@#.##
........#......3.K..#
###...........#..........
###.#.........###########
...?#.#.###.###############
....#.....#...............#
....####..#.#############.#
................# #.#
...######.#.###.# #.#


You could see a kobold demonologist and a sixfirhy.

Vanquished Creatures
  2 two-headed ogres
  Pikel (D:5)
  Joseph (D:7)
  7 yaks
  A black bear (D:7)
  5 orc warriors
  An ice beast (D:10)
  3 sky beasts
  3 ogres
  3 centaurs
  3 big kobolds (D:8)
  6 bullfrogs
  Blork the orc (D:5)
  A wyvern zombie (D:9)
  8 scorpions
  A water moccasin skeleton (D:6)
  11 killer bees
  3 wights (D:10)
  3 crimson imps
  A bullfrog zombie (D:9)
  A centaur skeleton (D:8)
  3 hounds
  2 jellies (D:9)
  9 orc priests
  9 orc wizards
  2 bullfrog skeletons
  An iguana (D:9)
  3 worker ants
  A killer bee zombie (D:5)
  A hound zombie (D:9)
  A hound skeleton (D:7)
  Robin (D:2)
  A howler monkey zombie (D:8)
  A worker ant zombie (D:9)
  14 gnolls
  9 adders
  A shadow imp (D:10)
  An ooze (D:2)
  2 adder skeletons (D:8)
  6 worms
  4 dart slugs
  4 leopard geckos
  52 orcs
  15 bats
  9 giant cockroaches
  11 goblins
  18 hobgoblins
  10 jackals
  5 quokkas
  7 frilled lizards
  17 kobolds
  A leopard gecko skeleton (D:5)
  5 rats
292 creatures vanquished.

Vanquished Creatures (others)
  A giant cockroach (D:3)
  A fungus (D:8)
2 creatures vanquished.

Grand Total: 294 creatures vanquished

Notes
Turn   | Place    | Note
-------+----------+-------------------------------------------
     0 | D:1      | Kagalorn the Human Hunter began the quest for the Orb.
     0 | D:1      | Reached XP level 1. HP: 16/16 MP: 1/1
   164 | D:1      | Reached skill level 1 in Axes
   164 | D:1      | Reached XP level 2. HP: 14/22 MP: 2/2
   611 | D:1      | Reached XP level 3. HP: 28/28 MP: 3/3
   828 | D:2      | Found a faded altar of an unknown god.
   920 | D:2      | Reached skill level 2 in Axes
  1681 | D:2      | Reached XP level 4. HP: 29/34 MP: 4/4
  1785 | D:2      | Reached skill level 3 in Axes
  2032 | D:2      | Reached XP level 5. HP: 41/41 MP: 5/5
  2038 | D:2      | Noticed Robin
  2051 | D:2      | Killed Robin
  2615 | D:3      | Found a shadowy altar of Dithmenos.
  2639 | D:3      | Reached skill level 4 in Axes
  2760 | D:3      | Found a radiant altar of Vehumet.
  3168 | D:3      | Reached XP level 6. HP: 42/47 MP: 6/6
  3217 | D:3      | Found an ancient bone altar of Kikubaaqudgha.
  3358 | D:3      | Found a bloodstained altar of Trog.
  3725 | D:4      | Found a hide-covered altar of Uskayaw.
  3731 | D:4      | Noticed a -2 hand axe
  3732 | D:4      | Noticed a +0 dagger
  4106 | D:5      | Entered Level 5 of the Dungeon
  4157 | D:5      | Found a staircase to the Ecumenical Temple.
  4159 | D:5      | Noticed a phantom
  4166 | Temple   | Entered the Ecumenical Temple
  4204 | Temple   | Became a worshipper of Warmaster Okawaru
  4382 | D:5      | Reached skill level 5 in Axes
  4452 | D:5      | Got a brightly glowing bone ring
  4453 | D:5      | Identified the ring of Wielij {rF+ SInv} (You found it on
                  | level 5 of the Dungeon)
  4460 | D:5      | Noticed Blork the orc
  4476 | D:5      | Killed Blork the orc
  4607 | D:5      | Noticed an ogre
  4621 | D:5      | Killed an ogre
  4621 | D:5      | Reached * piety under Okawaru
  4621 | D:5      | Reached XP level 7. HP: 54/54 MP: 7/7
  4857 | D:5      | Found a shimmering altar of Xom.
  5054 | D:5      | Reached skill level 6 in Axes
  5431 | D:5      | Found a burning altar of Makhleb.
  5507 | D:5      | Noticed Pikel
  5532 | D:5      | Killed Pikel
  5532 | D:5      | Reached skill level 5 in Fighting
  5532 | D:5      | Reached skill level 7 in Axes
  5532 | D:5      | Reached XP level 8. HP: 64/64 MP: 5/8
  5931 | D:5      | Found a blossoming altar of Fedhas.
  5965 | D:6      | Reached skill level 1 in Invocations
  5982 | D:6      | Reached skill level 8 in Axes
  5986 | D:6      | Found an ornate altar of the Wu Jian Council.
  6094 | D:6      | Reached ** piety under Okawaru
  6094 | D:6      | Reached XP level 9. HP: 60/69 MP: 10/10
  6126 | D:6      | Found Ucwymifa's Distillery.
  6187 | D:6      | Bought a potion of flight for 42 gold pieces
  6187 | D:6      | Bought a potion of agility for 56 gold pieces
  6187 | D:6      | Bought a potion of curing for 42 gold pieces
  6187 | D:6      | Bought a potion of lignification for 42 gold pieces
  6187 | D:6      | Bought a potion of brilliance for 56 gold pieces
  6583 | D:6      | Reached skill level 9 in Axes
  7185 | D:7      | Noticed Joseph
  7201 | D:7      | Killed Joseph
  7201 | D:7      | Reached skill level 1 in Armour
  7590 | D:7      | Found a white marble altar of Elyvilon.
  7979 | D:7      | Reached skill level 10 in Axes
  8058 | D:7      | Reached *** piety under Okawaru
  8150 | D:7      | Received a gift from Okawaru
  8468 | D:7      | Reached XP level 10. HP: 52/76 MP: 9/12
  8627 | D:7      | Found Tauguuhicw's Antique Armour Shoppe.
  8791 | D:7      | Found a hazy altar of Hepliaklqana.
  8890 | D:8      | Noticed a two-headed ogre
  8912 | D:8      | Killed a two-headed ogre
  8912 | D:8      | Reached skill level 11 in Axes
  8915 | D:8      | Reached **** piety under Okawaru
  9221 | D:8      | Found a shimmering blue altar of Sif Muna.
  9547 | D:8      | Found a sparkling altar of Nemelex Xobeh.
  9550 | D:8      | Found a basalt altar of Yredelemnul.
  9558 | D:8      | Found a glowing golden altar of the Shining One.
 10269 | D:8      | Reached skill level 12 in Axes
 10807 | D:8      | Reached skill level 5 in Invocations
 10854 | D:8      | Found the +7 Singing Sword {slice, sonic wave}
 11442 | D:9      | Reached XP level 11. HP: 71/81 MP: 11/14
 11503 | D:9      | Found a glowing silver altar of Zin.
 11718 | D:9      | Noticed a two-headed ogre
 11741 | D:9      | Killed a two-headed ogre
 11741 | D:9      | Reached ***** piety under Okawaru
 11741 | D:9      | Reached skill level 5 in Armour
 12032 | D:9      | Reached skill level 13 in Axes
 12316 | D:10     | Entered Level 10 of the Dungeon
 12539 | D:10     | Found a staircase to the Orcish Mines.
 12695 | D:10     | Received a gift from Okawaru
 12960 | D:10     | Noticed a sixfirhy
 12963 | D:10     | HP: 4/81 [sixfirhy[a kobold demonologist] (2)]
 12963 | D:10     | Mangled by a sixfirhy

Levels and vault maps discovered:
D:1:      minmay_arrival_four_houses, layout_loops_ring,
          hangedman_feature_mirror
D:2:      layout_loops_ring, chequers_ecumenical_altar_simple, uniq_robin
D:3:      layout_loops_corners, fiery_altar_vehumet, lemuel_round_altar,
          kiku_gazebo_garden_becter, lemuel_coloured_pillars_altar, first_ration
D:4:      layout_rooms, dancing_weapons_uskayaw, serial_forest,
          infiniplex_forest_zigzag_2, infiniplex_forest_clump_small,
          infiniplex_forest_clump_medium, infiniplex_forest_zigzag_1,
          infiniplex_forest_clump_double
D:5:      layout_basic, lemuel_crystal_altar, kennysheep_mini,
          minmay_temple_entry_mini_moons, basic_altar, uniq_blork_the_orc,
          uniq_pikel
D:6:      layout_loops_corners, lemuel_crystal_altar, serial_shops,
          shop_fountains, serial_rivers, chequers_serial_rivers_room_b,
          chequers_serial_rivers_micro_b, chequers_serial_rivers_micro_e,
          chequers_serial_rivers_micro_c
D:7:      layout_basic, lemuel_crystal_altar, elyvilon_altar_5, serial_shops,
          nicolae_shop_trees, uniq_joseph
D:8:      old_forge, layout_basic, grunt_temple_overflow_diamond,
          lemuel_doored_altar
D:9:      layout_big_octagon, zin_treasury
D:10:     layout_basic, orc_david_3
Temple:   corrupted_temple

Skill      XL: |  1  2  3  4  5  6  7  8  9 10 11 |
---------------+----------------------------------+-----
Axes           | 1 2 3 4 5 7 8 10 12 13 | 13.5
Fighting       | 3 4 5 6 |  6.0
Invocations    | 2 3 5 |  5.8
Armour         | 2 4 5 |  5.1
Throwing       | |  4.0
Dodging        | |  2.0
Stealth        | |  1.0

Action                   |  1- 3 |  4- 6 |  7- 9 | 10-12 || total
-------------------------+-------+-------+-------+-------++-------
Melee: Hand axe          |   109 |   110 |       |       ||   219
       War axe           |       |    65 |   180 |   472 ||   717
       Hunting sling     |       |       |     1 |       ||     1
       Punch             |       |       |       |     2 ||     2
 Fire: Hunting sling     |    26 |    95 |   244 |    31 ||   396
Throw: Dart              |       |    27 |    44 |    27 ||    98
Invok: Heroism           |       |       |     5 |     9 ||    14
 Abil: Evoke Berserk Rag |       |       |     3 |     3 ||     6
Evoke: Wand              |       |       |     2 |       ||     2
  Use: Scroll            |       |       |       |    16 ||    16
 Stab: Sleeping          |     2 |     2 |       |       ||     4
       Paralysed         |       |       |     2 |       ||     2
  Eat: Chunk             |     2 |    10 |     8 |    13 ||    33
       Ration            |       |       |     2 |     1 ||     3
Armor: Leather armour    |    24 |    32 |       |       ||    56
       Scale mail        |       |    25 |       |       ||    25
       Chain mail        |       |     4 |   223 |   228 ||   455
Dodge: Dodged            |    63 |   139 |   132 |   194 ||   528
